 Dungeon Crawl Stone Soup version 0.28-a0-803-g74956062c1 (webtiles) character file.

Game seed: 13900182905376516829

7 BlueGoblin the Chiller (level 2, 0/13 HPs)
             Began as a Vine Stalker Ice Elementalist on Nov 7, 2021.
             Succumbed to a kobold's poison
             ... on level 1 of the Dungeon.
             The game lasted 00:01:17 (343 turns).

BlueGoblin the Chiller (VSIE)                        Turns: 343, Time: 00:01:18

Health: 0/13       AC:  2    Str: 10    XL:     2   Next: 4%
Magic:  3/6        EV: 12    Int: 15    God:
Gold:   0          SH:  0    Dex: 14    Spells: 4/5 levels left

rFire   . . .      SeeInvis .   b - +0 short sword (venom)
rCold   . . .      Faith    .   (no shield)
rNeg    . . .      Spirit   +   a - +0 robe
rPois   .          Reflect  .   (no helmet)
rElec   .          Harm     .   (no cloak)
rCorr   .          Rampage  .   (no gloves)
Will    .....                   (no boots)
Stlth   ++........              (no amulet)
HPRegen 0.04/turn               (no ring)
MPRegen 0.10/turn               (no ring)

@: lethally poisoned (0 -> -2)
A: fangs 2, magic shield, antimagic bite, no potion heal 2
a: no special abilities


You were on level 1 of the Dungeon.
You visited 1 branch of the dungeon, and saw 1 of its levels.

Inventory:

Hand Weapons
 b - a +0 short sword of venom (weapon)
 c - a +0 short sword
Armour
 a - a +0 robe (worn)


   Skills:
 + Level 1.6 Dodging
 - Level 2.4 Stealth
 + Level 2.2 Spellcasting
 + Level 4.3 Ice Magic


You had 4 spell levels left.
You knew the following spells:

 Your Spells              Type           Power      Damage    Failure   Level
a - Freeze                Ice            56%        1d7       3%          1

Your spell library contained the following spells:

 Spells                   Type           Power      Damage    Failure   Level
 Frozen Ramparts          Ice            28%        1d4       11%         3
 Ozocubu's Armour         Ice            14%        N/A       11%         3
 Hailstorm                Conj/Ice       8%         3d4       65%         4


Dungeon Overview and Level Annotations

Branches:
Dungeon (1/15)

Altars:


Innate Abilities, Weirdness & Mutations

You have extremely sharp teeth.
When hurt, damage is shared between your health and your magic reserves.
Your bite disrupts and absorbs the magic of your enemies.
Potions cannot restore your health.


Message History

Found 26 sling bullets.
b - a scroll labelled NAG BOENEGAIG A quokka comes into view.
You closely miss the quokka. You bite the quokka, but do no damage.
The quokka bites you but does no damage.
You freeze the quokka!
You kill the quokka!
You have reached level 2!
Things that are here:
a +0 short sword; 4 stones; a kobold corpse
c - a +0 short sword
c - a +0 short sword (weapon)
Found a faded altar of an unknown god.
Found a spear.
A kobold comes into view.
It is wielding a +0 short sword of venom.
A kobold is nearby!
A kobold is nearby!
The kobold hits you with a +0 short sword of venom.
You are lethally poisoned!
You freeze the kobold.
You kill the kobold!
You feel very sick.
You aren't carrying any potions.
As you read the scroll labelled NAG BOENEGAIG, it crumbles to dust.
You feel strangely unstable.
It was a scroll of teleportation.
You feel sick.
You feel sick.
Things that are here:
a +0 short sword of venom; a kobold corpse
b - a +0 short sword of venom
* * * LOW HITPOINT WARNING * * *
You feel sick.
Your +0 short sword of venom begins to drip with poison!
b - a +0 short sword of venom (weapon)
Your surroundings suddenly seem different.
* * * LOW HITPOINT WARNING * * *
You feel sick.
There is a stone staircase leading down here.
* * * LOW HITPOINT WARNING * * *
You feel sick.
You die...

.....#
#.#<..##...##..>#.#
.....#
#.#≈≈≈..........#.#
.....#
#.#≈≈≈≈.........#.#
.....#
#.#⌠≈≈≈≈.⌠.....⌠#.#
.....#
#.###############.#
.....#
#.................#
.....#
#####..############
.....# #..#
####.##########.@#
####............>#
..####......######
..# #......#
..####......#
.....#......#
.....#....(.#
.....#......#
.....#......#


There were no monsters in sight!

Vanquished Creatures
  2 endoplasms (D:1)
  A giant cockroach (D:1)
  A quokka (D:1)
  A frilled lizard (D:1)
  2 kobolds (D:1)
7 creatures vanquished.

Notes
Turn   | Place    | Note
-------+----------+-------------------------------------------
     0 | D:1      | BlueGoblin the Vine Stalker Ice Elementalist began the
                  | quest for the Orb.
     0 | D:1      | Reached XP level 1. HP: 9/9 MP: 4/4
   266 | D:1      | Reached XP level 2. HP: 13/13 MP: 4/6
   313 | D:1      | Found a faded altar of an unknown god.
   343 | D:1      | Succumbed to a kobold's poison

Illustrated notes

Levels and vault maps discovered:
D:1:      amcnicky_arrival_flooded_fountain, layout_basic,
          basic_ecumenical_altar

Action                   || total
-------------------------++-------
Melee: Unarmed           ||     5
       Bite              ||     2
 Cast: Freeze            ||     7
  Use: Scroll            ||     1
Armor: Robe              ||     2

Table legend: (Time is in decaauts)
 A = Elapsed time spent in this place.
 B = Non-inter-level travel time spent in this place.
 C = Inter-level travel time spent in this place.
 D = Time resting spent in this place.
 E = Time spent auto-exploring this place.
 F = Levels seen in this place.
 G = Mean time per level.
                   A        B        C        D        E       F      G
               +--------+--------+--------+--------+--------+-----+--------+
         Total |    342 |    320 |     22 |      0 |    259 |   1 |  342.0 |
       Dungeon |    342 |    320 |     22 |      0 |    259 |   1 |  342.0 |
               +--------+--------+--------+--------+--------+-----+--------+

Top non-repeatable levels by time:
     D:1: 342 daAuts
